cohdb
Replays
Latest Replays
All Replays
Popular Replays
Top Player Replays
Match Explorer
How It Works
Community
CoH3 Stats
Reddit
Sign in to upload your games and track your stats! →
Sign in with Steam
Match 38521059
Unlisted
Match 38521059
Overview
Messages
Build Orders
End
Royal Engineer Section
Construct Section Command Post
Infantry Section
Infantry Section
Infantry Section
Selects Heavy Armor Battlegroup
Selects Engineer Detachments
Construct Platoon Command Post
Humber Armored Car
Construct Field Infirmary
6-pounder Anti-tank Gun Team
Grenade Package
Infantry Training
Infantry Section
Construct Company Command Post
Anticafe
Onkor
JShreddy
UH|dun! ツ
UH|ck
UH|XTC
0
0
Comments
sign in to comment!
No comments posted yet!